 Dungeon Crawl Stone Soup version 0.23.1 (webtiles) character file.

Game seed: 3126717317948968911

79975 vishdafish the Blocker (level 15, -8/120 HPs)
             Began as a Gnoll Fighter on Mar 8, 2019.
             Was the Champion of Cheibriados.
             Killed from afar by Azrael (11 damage)
             ... with damnation
             ... on level 13 of the Dungeon.
             The game lasted 00:32:23 (19261 turns).

vishdafish the Blocker (Gnoll Fighter)             Turns: 19261, Time: 00:32:23

Health: -8/120     AC: 26    Str: 42    XL:     15   Next: 65%
Magic:  25/29      EV: 21    Int: 28    God:    Cheibriados [******]
Gold:   1026       SH: 17    Dex: 31    Spells: 21/34 levels left

rFire    . . .     SeeInvis .   F - +4 scimitar (freeze)
rCold    + . .     Gourm    .   c - +0 shield
rNeg     . . .     Faith    .   b - +0 scale mail
rPois    .         Spirit   .   (helmet restricted)
rElec    +         Reflect  .   O - +2 cloak
rCorr    .         Harm     .   p - +0 pair of gloves
MR       ++...                  x - +2 pair of boots
Stlth    ++++......             (no amulet)
HPRegen  0.30/turn              Q - ring of Odusit Ymm {rElec rC+ Str+4 Slay+4}
MPRegen  0.21/turn              v - +5 ring of protection

@: very slow
A: distributed training, antennae 1, fangs 2, icy blue scales 1, molten scales
1, magic resistance 1, strong 1, evolution 1, no potion heal 1, strong nose
a: Bend Time, Temporal Distortion, Slouch, Step From Time, Renounce Religion


You were on level 13 of the Dungeon.
You worshipped Cheibriados.
Cheibriados was exalted by your worship.
You were hungry.

You visited 3 branches of the dungeon, and saw 21 of its levels.

You collected 1813 gold pieces.
You spent 787 gold pieces at shops.

Inventory:

Hand Weapons
 F - a +4 scimitar of freezing (weapon)
 N - a +2 scimitar of flaming
Missiles
 i - 14 javelins (quivered)
 H - 2 throwing nets
 S - 4 javelins of returning
Armour
 b - a +0 scale mail (worn)
 c - a +0 shield (worn)
 j - a scarf of cloud immunity
 p - a +0 pair of gloves (worn)
 x - a +2 pair of boots (worn)
 B - a +0 helmet
 O - a +2 cloak (worn)
Jewellery
 v - a +5 ring of protection (right hand)
 L - an uncursed ring of positive energy
 Q - the ring of Odusit Ymm (left hand) {rElec rC+ Str+4 Slay+4}
   (You found it on level 1 of the Lair of Beasts)

   [ring of slaying]

   It affects your strength (+4).
   It affects your accuracy and damage with ranged weapons and melee attacks
   (+4).
   It protects you from cold.
   It insulates you from electricity.
Wands
 z - a wand of scattershot (10)
 C - a wand of flame (22)
 J - a wand of acid (13)
 R - a wand of polymorph (34)
 Y - a wand of disintegration (11)
 Z - a wand of paralysis (12)
Scrolls
 e - 2 scrolls of noise
 g - 5 scrolls of amnesia
 l - 3 scrolls of immolation
 n - 2 scrolls of enchant armour
 o - 4 scrolls of fog
 r - 12 scrolls of remove curse
 s - 10 scrolls of teleportation
 y - 2 scrolls of magic mapping {unknown}
 A - 2 scrolls of fear {unknown}
 K - 2 scrolls of blinking {unknown}
 M - 6 scrolls of enchant weapon
 P - 3 scrolls of vulnerability
Potions
 d - 4 potions of might
 h - 3 potions of degeneration
 k - a potion of brilliance
 m - 4 potions of agility
 q - 3 potions of cancellation
 t - 2 potions of magic
 u - 8 potions of curing
 w - 3 potions of haste
 D - 3 potions of heal wounds
 E - 2 potions of ambrosia
 G - 2 potions of flight
 T - 2 potions of resistance
 V - 2 potions of invisibility
 X - 2 potions of mutation
Miscellaneous
 a - a box of beasts
 I - a lightning rod (4/4)
 U - a phantom mirror
 W - a fan of gales (inert)
Comestibles
 f - 43 rations


   Skills:
 + Level 11.8 Fighting
 + Level 10.0 Short Blades
 + Level 11.0 Long Blades
 + Level 10.0 Axes
 + Level 10.0 Maces & Flails
 + Level 10.0 Polearms
 + Level 10.0 Staves
 + Level 10.0 Slings
 + Level 10.0 Bows
 + Level 10.0 Crossbows
 + Level 10.0 Throwing
 + Level 11.8 Armour
 + Level 10.0 Dodging
 + Level 10.0 Stealth
 + Level 11.8 Shields
 + Level 10.0 Unarmed Combat
 + Level 10.0 Spellcasting
 + Level 8.4 Conjurations
 + Level 8.4 Hexes
 + Level 8.4 Charms
 + Level 8.4 Summonings
 + Level 8.4 Necromancy
 + Level 8.4 Translocations
 + Level 8.4 Transmutations
 + Level 8.4 Fire Magic
 + Level 8.4 Ice Magic
 + Level 8.4 Air Magic
 + Level 8.4 Earth Magic
 + Level 8.4 Poison Magic
 + Level 10.9 Invocations
 + Level 10.0 Evocations


You had 21 spell levels left.
You knew the following spells:

 Your Spells              Type           Power        Failure   Level  Hunger
a - Regeneration          Chrm/Necr      ######....   1%          3    None
b - Animate Dead          Necr           N/A          2%          4    None
c - Airstrike             Air            ######....   2%          4    None
d - Blink                 Tloc           N/A          1%          2    None

Your spell library contained the following spells:

 Spells                   Type           Power        Failure   Level  Hunger
 Animate Skeleton         Necr           N/A          1%          1    None
 Beastly Appendage        Tmut           ######       1%          1    None
 Confusing Touch          Hex            ######       1%          1    None
 Flame Tongue             Conj/Fire      #####        1%          1    None
 Magic Dart               Conj           ####         1%          1    None
 Pain                     Necr           ####         1%          1    None
 Sandblast                Erth           ######       1%          1    None
 Shock                    Conj/Air       ####         1%          1    None
 Summon Butterflies       Summ           ######..     1%          1    None
 Call Imp                 Summ           ######..     1%          2    None
 Passwall                 Tmut/Erth      ######..     1%          2    None
 Slow                     Hex            ######..     1%          2    None
 Sticks to Snakes         Tmut           ######..     1%          2    None
 Swiftness                Chrm/Air       ######..     1%          2    None
 Throw Flame              Conj/Fire      ######       1%          2    None
 Call Canine Familiar     Summ           ######..     1%          3    None
 Confuse                  Hex            ######..     1%          3    None
 Conjure Flame            Conj/Fire      ######..     1%          3    None
 Gell's Gravitas          Tloc           ######....   1%          3    None
 Inner Flame              Hex/Fire       ######..     1%          3    None
 Mephitic Cloud           Conj/Pois/Air  ######..     1%          3    None
 Spider Form              Tmut/Pois      ######....   1%          3    None
 Static Discharge         Conj/Air       ######..     1%          3    None
 Stone Arrow              Conj/Erth      ######       1%          3    None
 Vampiric Draining        Necr           ######....   1%          3    None
 Ice Form                 Ice/Tmut       ######..     2%          4    None
 Petrify                  Tmut/Erth      ######..     2%          4    None
 Sticky Flame             Conj/Fire      ######..     2%          4    None
 Summon Ice Beast         Ice/Summ       ######..     2%          4    None
 Blade Hands              Tmut           ######....   8%          5    ###....
 Bolt of Magma            Conj/Fire/Erth ######....   8%          5    ###....
 Fireball                 Conj/Fire      ######....   8%          5    ###....
 Iskenderun's Battlesphe  Conj/Chrm      ######..     8%          5    ###....
 Lee's Rapid Deconstruct  Erth           ######....   8%          5    ###....
 Lightning Bolt           Conj/Air       ######....   8%          5    ###....
 Metabolic Englaciation   Hex/Ice        ######....   8%          5    ###....
 Summon Mana Viper        Hex/Summ       ######..     8%          5    ###....
 Yara's Violent Unravell  Hex/Tmut       ######....   8%          5    ###....
 Summon Hydra             Summ           ######....   93%         7    ######.


Dungeon Overview and Level Annotations

Branches:
Dungeon (13/15)            Temple (0/1) D:6            Lair (6/6) D:8
 Shoals (0/4) Lair:3        Snake (0/4) Lair:2        Slime (0/5) Lair:6
    Orc (2/2) D:10            Elf (0/3) Orc:2
 Vaults: D:13-14

Altars:
Cheibriados
Uskayaw
Vehumet
Xom
Beogh
Jiyva

Shops:
D:5 %(   Orc:2 *}([

Portals:
Trove: D:11 (give 12 potions of heal wounds)

Annotations:
D:13 Azrael


Innate Abilities, Weirdness & Mutations

Your experience applies equally to all skills.
You have extremely sharp teeth.
Your uncanny sense of smell can sniff out nearby items.
You have a pair of small antennae on your head.
You are partially covered in icy blue scales. (AC +2)
You are partially covered in molten scales. (AC +2)
You are resistant to hostile enchantments. (MR+)
Your muscles are strong. (Str +2)
You evolve.
Potions are less effective at restoring your health.


Message History

Azrael closely misses you.
You riposte.
You hit Azrael but do no damage.
Azrael is heavily wounded.
You slice Azrael!! You freeze Azrael. You bite Azrael, but do no damage.
Azrael is severely wounded.
Azrael gestures at you.
The sphere of damnation explodes!
The damnation engulfs you!!
* * * LOW HITPOINT WARNING * * *
The damnation engulfs Azrael.
Azrael completely resists.
Your system partially rejects the healing.
You feel much better. Azrael gestures at you.
The sphere of damnation explodes!
The damnation engulfs you!!
* * * LOW HITPOINT WARNING * * *
The damnation engulfs Azrael.
Azrael completely resists.
Okay, then.
You slash Azrael! You freeze Azrael! You bite Azrael, but do no damage.
Azrael is almost dead.
Azrael gestures at you.
The sphere of damnation explodes!
The damnation engulfs you!
You die...

#....... #.... #.......
#.... #.......
#....###### #.......
#.........# #.......
#.........# #.##..##
#.........# ##'##.>##
#.....R...# #...#..#.
#.....@†..+ #...#..#.
#.........# #...#..#.
#.........# #...#..##
#.........#####..##..##
#.............#####...#
#.............#.......#
#.............#..##..##
#....#'###....#..##..##
#....#...#....#..##....


You could see Azrael.

Vanquished Creatures
  Jorgrun (D:13)
  An orc warlord (Orc:2)
  Nessos (Lair:6)
  Snorg (Lair:5)
  Josephine (Orc:1)
  4 hydras
  3 centaur warriors
  8 two-headed ogres
  6 death yaks (Lair:6)
  A catoblepas (Lair:6)
  A deep troll shaman (Lair:6)
  A death drake (shapeshifter) (D:13)
  3 unseen horrors
  4 orc knights
  A cyclops (D:11)
  5 orc sorcerers (Orc:2)
  An oklob plant (Lair:4)
  2 ugly things
  2 manticores (D:13)
  A centaur zombie (D:12)
  8 black mambas
  3 elephants (Lair:6)
  Maurice (D:13)
  An ice statue (D:11)
  A torpor snail (Lair:3)
  13 spiny frogs
  4 kobold demonologists
  2 rime drakes (Lair:6)
  4 komodo dragons
  An efreet (D:10)
  A queen bee (Lair:2)
  A tengu conjurer (D:13)
  4 polar bears (Lair:6)
  5 trolls
  Prince Ribbit (D:6)
  4 hornets
  A wind drake (D:9)
  Grinder (D:4)
  10 hippogriffs
  A snapping turtle (Lair:3)
  17 blink frogs
  3 dream sheep (Lair:3)
  Sigmund (D:6)
  4 wraiths
  Eustachio (D:6)
  6 wyverns
  A vampire (D:13)
  3 fire elementals (D:13)
  3 basilisks
  62 yaks
  2 hungry ghosts
  4 vampire mosquitoes (D:12)
  Menkaure (D:6)
  A warg (Orc:2)
  12 water moccasins
  An acid dragon (D:13)
  5 hell hounds (D:13)
  A soldier ant (D:8)
  8 porcupines
  2 black bears
  5 ice beasts
  39 orc warriors
  2 sky beasts (D:8)
  10 ogres
  A phantom (D:12)
  23 wolves
  10 centaurs
  6 big kobolds
  15 crocodiles
  8 bullfrogs
  2 wyvern skeletons
  3 scorpions
  40 killer bees
  5 howler monkeys
  10 wights
  An electric eel (Lair:3)
  6 crimson imps
  A quasit (D:7)
  A bullfrog zombie (D:7)
  8 hounds
  21 orc priests
  3 bullfrog skeletons
  6 jellies
  25 orc wizards
  6 iguanas
  9 worker ants
  A killer bee zombie (D:8)
  A hound zombie (D:5)
  A hound skeleton (D:7)
  A howler monkey zombie (D:10)
  A worker ant zombie (D:6)
  3 gnolls (D:3)
  2 howler monkey skeletons
  11 adders
  3 shadow imps
  3 oozes
  An adder skeleton (D:9)
  3 worms
  2 dart slugs
  5 leopard geckos
  111 orcs
  A ball python (D:7)
  A giant cockroach (D:3)
  8 goblins
  5 hobgoblins
  11 jackals
  4 quokkas
  7 bats
  4 frilled lizards
  A giant cockroach zombie (D:5)
  25 kobolds
  A leopard gecko skeleton (D:4)
  3 quokka skeletons
  A quokka zombie (D:5)
  8 rats
  A fungus (Lair:6)
749 creatures vanquished.

Vanquished Creatures (collateral kills)
  A troll (Orc:2)
  An orc warrior (Orc:2)
  An orc priest (Orc:2)
  2 orcs (Orc:2)
5 creatures vanquished.

Vanquished Creatures (others)
  An orc (Orc:2)
  8 fungi
  7 plants (Lair:6)
16 creatures vanquished.

Grand Total: 770 creatures vanquished

Notes
Turn   | Place    | Note
-------+----------+-------------------------------------------
     0 | D:1      | vishdafish the Gnoll Fighter began the quest for the Orb.
     0 | D:1      | Reached XP level 1. HP: 23/23 MP: 1/1
   163 | D:1      | Reached XP level 2. HP: 26/29 MP: 2/2
   417 | D:1      | Reached XP level 3. HP: 33/35 MP: 3/3
   800 | D:2      | Reached skill level 1 in Invocations
   858 | D:2      | Reached skill level 1 in Short Blades
   858 | D:2      | Reached skill level 1 in Axes
   858 | D:2      | Reached skill level 1 in Maces & Flails
   858 | D:2      | Reached skill level 1 in Polearms
   858 | D:2      | Reached skill level 1 in Staves
   858 | D:2      | Reached skill level 1 in Slings
   858 | D:2      | Reached skill level 1 in Bows
   858 | D:2      | Reached skill level 1 in Crossbows
   858 | D:2      | Reached skill level 1 in Throwing
   858 | D:2      | Reached skill level 1 in Dodging
   858 | D:2      | Reached skill level 1 in Stealth
   858 | D:2      | Reached skill level 1 in Unarmed Combat
   858 | D:2      | Reached skill level 1 in Spellcasting
   858 | D:2      | Reached skill level 1 in Evocations
   871 | D:2      | Reached XP level 4. HP: 35/41 MP: 5/5
  1813 | D:3      | Reached skill level 1 in Conjurations
  1813 | D:3      | Reached skill level 1 in Hexes
  1813 | D:3      | Reached skill level 1 in Charms
  1813 | D:3      | Reached skill level 1 in Summonings
  1813 | D:3      | Reached skill level 1 in Necromancy
  1813 | D:3      | Reached skill level 1 in Translocations
  1813 | D:3      | Reached skill level 1 in Transmutations
  1813 | D:3      | Reached skill level 1 in Fire Magic
  1813 | D:3      | Reached skill level 1 in Ice Magic
  1813 | D:3      | Reached skill level 1 in Air Magic
  1813 | D:3      | Reached skill level 1 in Earth Magic
  1813 | D:3      | Reached skill level 1 in Poison Magic
  1820 | D:3      | Reached XP level 5. HP: 33/47 MP: 6/6
  1935 | D:3      | Found a faded altar of an unknown god.
  2103 | D:3      | Became a worshipper of Cheibriados the Contemplative
  2103 | D:3      | Reached * piety under Cheibriados
  2150 | D:3      | Found a radiant altar of Vehumet.
  2551 | D:4      | Reached XP level 6. HP: 41/53 MP: 8/8
  2914 | D:4      | Reached ** piety under Cheibriados
  2922 | D:4      | Reached skill level 5 in Long Blades
  2996 | D:4      | Noticed Grinder
  3004 | D:4      | Killed Grinder
  3004 | D:4      | Reached XP level 7. HP: 49/59 MP: 10/10
  3874 | D:5      | Entered Level 5 of the Dungeon
  3972 | D:5      | Found Galeocoe's Weapon Shop.
  4131 | D:5      | Found Ciosuoz's Food Shop.
  4198 | D:5      | Reached *** piety under Cheibriados
  4432 | D:6      | Noticed Sigmund
  4442 | D:6      | Killed Sigmund
  4442 | D:6      | Reached XP level 8. HP: 65/67 MP: 12/12
  4515 | D:6      | Noticed Prince Ribbit
  4524 | D:6      | Killed Prince Ribbit
  4681 | D:6      | Noticed a hippogriff
  4691 | D:6      | Killed a hippogriff
  4820 | D:6      | Noticed Menkaure
  4821 | D:6      | Reached XP level 9. HP: 64/72 MP: 14/14
  4826 | D:6      | Killed Menkaure
  4856 | D:6      | Found a staircase to the Ecumenical Temple.
  4941 | D:6      | Noticed Eustachio
  4949 | D:6      | Killed Eustachio
  5288 | D:6      | Gained mutation: You have a pair of small horns on your
                  | head. [potion of mutation]
  5288 | D:6      | Gained mutation: You are covered in fur. (AC +1) [potion of
                  | mutation]
  5289 | D:6      | Lost mutation: You have a pair of small horns on your head.
                  | [potion of mutation]
  5289 | D:6      | Lost mutation: You are covered in fur. (AC +1) [potion of
                  | mutation]
  5289 | D:6      | Gained mutation: You evolve. [potion of mutation]
  5289 | D:6      | Gained mutation: You are partially covered in icy blue
                  | scales. (AC +2) [potion of mutation]
  5519 | D:7      | Reached **** piety under Cheibriados
  6075 | D:7      | Reached skill level 5 in Invocations
  6183 | D:7      | Reached XP level 10. HP: 76/80 MP: 15/17
  6201 | D:7      | Reached skill level 5 in Short Blades
  6201 | D:7      | Reached skill level 5 in Axes
  6201 | D:7      | Reached skill level 5 in Maces & Flails
  6201 | D:7      | Reached skill level 5 in Polearms
  6201 | D:7      | Reached skill level 5 in Staves
  6201 | D:7      | Reached skill level 5 in Slings
  6201 | D:7      | Reached skill level 5 in Bows
  6201 | D:7      | Reached skill level 5 in Crossbows
  6201 | D:7      | Reached skill level 5 in Throwing
  6201 | D:7      | Reached skill level 5 in Dodging
  6201 | D:7      | Reached skill level 5 in Stealth
  6201 | D:7      | Reached skill level 5 in Unarmed Combat
  6201 | D:7      | Reached skill level 5 in Spellcasting
  6201 | D:7      | Reached skill level 5 in Evocations
  6362 | D:8      | Noticed a two-headed ogre
  6373 | D:8      | Killed a two-headed ogre
  6373 | D:8      | Reached ***** piety under Cheibriados
  6401 | D:8      | Found a staircase to the Lair.
  6622 | D:8      | Noticed a two-headed ogre
  6628 | D:8      | Killed a two-headed ogre
  6752 | D:8      | Reached XP level 11. HP: 84/87 MP: 19/19
  6852 | D:8      | Paralysed by a hornet for 3 turns
  7406 | D:9      | Gained mutation: You rapidly evolve. [evolution]
  7444 | D:9      | Noticed a two-headed ogre
  7449 | D:9      | Killed a two-headed ogre
  7481 | D:9      | Reached skill level 5 in Conjurations
  7481 | D:9      | Reached skill level 5 in Hexes
  7481 | D:9      | Reached skill level 5 in Charms
  7481 | D:9      | Reached skill level 5 in Summonings
  7481 | D:9      | Reached skill level 5 in Necromancy
  7481 | D:9      | Reached skill level 5 in Translocations
  7481 | D:9      | Reached skill level 5 in Transmutations
  7481 | D:9      | Reached skill level 5 in Fire Magic
  7481 | D:9      | Reached skill level 5 in Ice Magic
  7481 | D:9      | Reached skill level 5 in Air Magic
  7481 | D:9      | Reached skill level 5 in Earth Magic
  7481 | D:9      | Reached skill level 5 in Poison Magic
  7518 | D:9      | Noticed Harold
  7525 | D:9      | Noticed Harold
  7525 | D:9      | Harold changed into Harold the wind drake
  7534 | D:9      | Killed Harold the wind drake
  7998 | D:10     | Entered Level 10 of the Dungeon
  8042 | D:10     | Noticed a two-headed ogre
  8052 | D:10     | Killed a two-headed ogre
  8245 | Lair:1   | Entered Level 1 of the Lair of Beasts
  8844 | Lair:1   | Got a serpentine golden ring
  8906 | Lair:1   | Reached XP level 12. HP: 47/96 MP: 20/22
  9131 | Lair:1   | Gained mutation: You have a pair of small antennae on your
                  | head. [evolution]
  9481 | Lair:1   | Identified the ring of Odusit Ymm {rElec rC+ Str+4 Slay+4}
                  | (You found it on level 1 of the Lair of Beasts)
  9636 | Lair:2   | Reached ****** piety under Cheibriados
  9940 | Lair:2   | Found a staircase to the Snake Pit.
 11030 | Lair:3   | Reached skill level 10 in Fighting
 11030 | Lair:3   | Reached skill level 10 in Armour
 11030 | Lair:3   | Reached skill level 10 in Shields
 11294 | Lair:3   | Found a staircase to the Shoals.
 11328 | Lair:3   | Gained mutation: You are resistant to hostile enchantments.
                  | (MR+) [evolution]
 11490 | Lair:4   | Reached XP level 13. HP: 100/103 MP: 24/24
 11914 | Lair:4   | Found a hide-covered altar of Uskayaw.
 12362 | Lair:5   | Noticed Snorg
 12375 | Lair:5   | Killed Snorg
 12711 | Lair:6   | Entered Level 6 of the Lair of Beasts
 12711 | Lair:6   | Noticed Nessos
 12713 | Lair:6   | Killed Nessos
 13039 | Lair:6   | Learned a level 3 spell: Regeneration
 13044 | Lair:6   | Learned a level 4 spell: Animate Dead
 13049 | Lair:6   | Learned a level 4 spell: Airstrike
 13435 | Lair:6   | Found a staircase to the Slime Pits.
 13436 | Lair:6   | Found a viscous altar of Jiyva.
 13445 | Lair:6   | Reached XP level 14. HP: 111/111 MP: 26/26
 13458 | Lair:6   | Gained mutation: You are partially covered in molten
                  | scales. (AC +2) [evolution]
 13686 | Lair:6   | Reached skill level 10 in Long Blades
 13747 | Lair:6   | Identified Aluociel's Grimoire of Poisoning and
                  | Confrontation
 13782 | Lair:6   | Learned a level 2 spell: Blink
 14211 | D:10     | Found a staircase to the Orcish Mines.
 14920 | D:10     | Gained mutation: Potions are less effective at restoring
                  | your health. [evolution]
 14949 | D:11     | Reached skill level 10 in Invocations
 15592 | D:11     | Found a portal to a secret trove of treasure.
 15638 | Orc:1    | Entered Level 1 of the Orcish Mines
 15751 | Orc:2    | Entered Level 2 of the Orcish Mines
 15849 | Orc:2    | Found a roughly hewn altar of Beogh.
 15915 | Orc:2    | Found a roughly hewn altar of Beogh.
 16130 | Orc:2    | Found a roughly hewn altar of Beogh.
 16131 | Orc:2    | Found Jaqow's Gadget Emporium.
 16364 | Orc:2    | Bought a wand of scattershot (5) for 378 gold pieces
 16495 | Orc:2    | Found a roughly hewn altar of Beogh.
 16552 | Orc:2    | Found a roughly hewn altar of Beogh.
 16558 | Orc:2    | Found Usiqo's General Store.
 16577 | Orc:2    | Bought a scroll of identify for 28 gold pieces
 16577 | Orc:2    | Bought a potion of might for 56 gold pieces
 16577 | Orc:2    | Bought a scroll of identify for 28 gold pieces
 16577 | Orc:2    | Bought a potion of curing for 42 gold pieces
 16678 | Orc:2    | Gained mutation: You have extremely sharp teeth.
                  | [evolution]
 16678 | Orc:2    | Lost mutation: You rapidly evolve. [decline of evolution]
 16695 | Orc:2    | Found a staircase to the Elven Halls.
 16767 | Orc:2    | Found a roughly hewn altar of Beogh.
 16813 | Orc:2    | Noticed an orc warlord
 16827 | Orc:2    | Killed an orc warlord
 16827 | Orc:2    | Reached XP level 15. HP: 81/119 MP: 18/28
 16970 | Orc:2    | Found Bocee's Antique Weapon Shoppe.
 16974 | Orc:2    | Found a roughly hewn altar of Beogh.
 16978 | Orc:2    | Found Wuplom's Antique Armour Emporium.
 17016 | Orc:2    | Found a roughly hewn altar of Beogh.
 17045 | Orc:2    | Bought a pair of embroidered boots for 255 gold pieces
 17123 | Orc:1    | Noticed Josephine
 17130 | Orc:1    | Killed Josephine
 17427 | Orc:1    | Found a roughly hewn altar of Beogh.
 18518 | D:13     | Noticed Jorgrun
 18528 | D:13     | Killed Jorgrun
 18981 | D:13     | Noticed Maurice
 18988 | D:13     | Killed Maurice
 19038 | D:13     | Reached skill level 10 in Short Blades
 19038 | D:13     | Reached skill level 10 in Axes
 19038 | D:13     | Reached skill level 10 in Maces & Flails
 19038 | D:13     | Reached skill level 10 in Polearms
 19038 | D:13     | Reached skill level 10 in Staves
 19038 | D:13     | Reached skill level 10 in Slings
 19038 | D:13     | Reached skill level 10 in Bows
 19038 | D:13     | Reached skill level 10 in Crossbows
 19038 | D:13     | Reached skill level 10 in Throwing
 19038 | D:13     | Reached skill level 10 in Dodging
 19038 | D:13     | Reached skill level 10 in Stealth
 19038 | D:13     | Reached skill level 10 in Unarmed Combat
 19038 | D:13     | Reached skill level 10 in Spellcasting
 19038 | D:13     | Reached skill level 10 in Evocations
 19141 | D:13     | Found a shimmering altar of Xom.
 19181 | D:13     | Gained mutation: Your muscles are strong. (Str +2)
                  | [evolution]
 19248 | D:13     | Noticed Azrael
 19260 | D:13     | HP: 3/120 [Azrael/damnation (35)]
 19261 | D:13     | Killed from afar by Azrael

Skill      XL: |  1  2  3  4  5  6  7  8  9 10 11 12 13 14 15 |
---------------+----------------------------------------------+-----
Invocations    | 1 2 3 4 5 6 7 8 9 10 | 10.9
Short Blades   | 1 2 3 4 5 6 7 8 9 10 | 10.0
Axes           | 1 2 3 4 5 6 7 8 9 10 | 10.0
Maces & Flails | 1 2 3 4 5 6 7 8 9 10 | 10.0
Polearms       | 1 2 3 4 5 6 7 8 9 10 | 10.0
Staves         | 1 2 3 4 5 6 7 8 9 10 | 10.0
Slings         | 1 2 3 4 5 6 7 8 9 10 | 10.0
Bows           | 1 2 3 4 5 6 7 8 9 10 | 10.0
Crossbows      | 1 2 3 4 5 6 7 8 9 10 | 10.0
Throwing       | 1 2 3 4 5 6 7 8 9 10 | 10.0
Dodging        | 1 2 3 4 5 6 7 8 9 10 | 10.0
Stealth        | 1 2 3 4 5 6 7 8 9 10 | 10.0
Unarmed Combat | 1 2 3 4 5 6 7 8 9 10 | 10.0
Spellcasting   | 1 2 3 4 5 6 7 8 9 10 | 10.0
Evocations     | 1 2 3 4 5 6 7 8 9 10 | 10.0
Conjurations   | 1 2 3 4 5 6 7 8 |  8.4
Hexes          | 1 2 3 4 5 6 7 8 |  8.4
Charms         | 1 2 3 4 5 6 7 8 |  8.4
Summonings     | 1 2 3 4 5 6 7 8 |  8.4
Necromancy     | 1 2 3 4 5 6 7 8 |  8.4
Translocations | 1 2 3 4 5 6 7 8 |  8.4
Transmutations | 1 2 3 4 5 6 7 8 |  8.4
Fire Magic     | 1 2 3 4 5 6 7 8 |  8.4
Ice Magic      | 1 2 3 4 5 6 7 8 |  8.4
Air Magic      | 1 2 3 4 5 6 7 8 |  8.4
Earth Magic    | 1 2 3 4 5 6 7 8 |  8.4
Poison Magic   | 1 2 3 4 5 6 7 8 |  8.4
Long Blades    | 5 6 7 8 9 10 11 | 11.0
Fighting       | 7 8 9 10 11 | 11.8
Armour         | 7 8 9 10 11 | 11.8
Shields        | 7 8 9 10 11 | 11.8

Action                   |  1- 3 |  4- 6 |  7- 9 | 10-12 | 13-15 || total
-------------------------+-------+-------+-------+-------+-------++-------
Melee: Long sword        |    92 |   175 |   129 |       |       ||   396
       Bite              |     9 |    26 |    47 |   130 |   220 ||   432
       Scimitar          |       |       |    85 |   453 |   827 ||  1365
Throw: Javelin           |       |       |       |     7 |    13 ||    20
 Cast: Animate Dead      |       |       |       |       |     5 ||     5
       Blink             |       |       |       |       |     3 ||     3
Invok: Slouch            |       |       |       |     3 |     3 ||     6
       Bend Time         |       |       |       |     1 |       ||     1
Evoke: Wand              |       |       |       |     1 |     8 ||     9
       Lightning rod     |       |       |       |       |     4 ||     4
       Fan of gales      |       |       |       |       |     2 ||     2
       Box of beasts     |       |       |       |       |     1 ||     1
  Use: Scroll            |       |       |     9 |     6 |     7 ||    22
       Potion            |       |       |     2 |       |     2 ||     4
 Stab: Sleeping          |       |       |     4 |     6 |    26 ||    36
       Distracted        |       |       |       |       |     4 ||     4
       Petrified         |       |       |       |       |     1 ||     1
       Paralysed         |       |       |       |       |     1 ||     1
  Eat: Chunk             |       |     5 |     5 |     9 |    14 ||    33
       Ration            |       |       |       |     1 |     1 ||     2
Armor: Scale mail        |    33 |    80 |    91 |   159 |   231 ||   594
Dodge: Dodged            |    20 |    76 |   122 |   318 |   515 ||  1051
Block: Shield            |    42 |   165 |   158 |   489 |   778 ||  1632
       Rpst.: Long sword |     3 |    18 |    14 |       |       ||    35
       Scimitar          |       |       |    23 |    97 |   121 ||   241
